[Event "*** Titled Tuesday Blitz"]
[Site "Chess.com"]
[Date "2018.11.06"]
[Round "3"]
[White "dmosesov"]
[Black "AttackSparrow"]
[Result "1-0"]
[WhiteElo "2344"]
[BlackElo "2229"]
[TimeControl "180+2"]
[EndTime "13:41:50 PST"]
[Termination "dmosesov won by resignation"]

1. e4 c5 2. Nf3 d6 3. d4 cxd4 4.
Nxd4 Nf6 5. Nc3 a6 6. Bg5 e6 7. f4 h6 8. Bh4 Qb6 9. Qd2 Be7 10. O-O-O Nxe4 11. Nxe4 Bxh4 12. Nf5 exf5 13. Nxd6+ Ke7 14. Qe2+ Be6 15. Nxf5+ Kf8 16. Nxh4 Nc6 17. Ng6+ fxg6 18. Qxe6 Re8 19. Qxg6 Qe3+ 20. Kb1 Qe6 21. Qxe6 Rxe6 22. Bc4 Re4 23. Bd5 Re8 24. Bxc6 bxc6 25. Rd7 h5 26. Rhd1 Rh6 27. b3 Re2 28. Ra7 Kg8 29. g3 Rxh2 30. f5 Rg2 31. Rd8+ Kh7 32. Rd3 Rf6 33. Rxa6 Rf2 34.
a4 R2xf5 35. Rc3 c5 36. Rxf6 gxf6 37. a5 c4 38. Rxc4 Rxa5 39. b4 Rg5 40. Rc5 Kg6 41. Rxg5+ fxg5 42. b5 h4 43. gxh4 gxh4 44. b6 h3 45. b7 h2 46. b8=Q h1=Q+ 47. Kb2 Kf7 48. Qc7+ Kf6 49. Qd8+ Ke6 50. Qe8+ Kd6 51. Qd8+ Kc5 52.
Qc7+ Kd4 53. Qd6+ Ke3 54. Qc5+ Kf4 55. c3 Qg2+ 56. Kb3 Qh1 57. Qd6+ Kf5 58. Qd7+ Kf6 59. Qd4+ Ke6 60. Kb4 Qb7+ 61. Kc4 Qa6+ 62. Kc5 Qa7+ 63.
Kc6 Qa8+ 64. Kc7 Qe8 65. Qe4+ Kf7 66. Qxe8+ Kxe8 67. c4 1-0

[Event "*** Titled Tuesday Blitz"]
[Site "Chess.com"]
[Date "2018.11.06"]
[Round "3"]
[White "VerdeNotte"]
[Black "ahmadzada13"]
[Result "0-1"]
[WhiteElo "2814"]
[BlackElo "2645"]
[TimeControl "180+2"]
[EndTime "13:41:59 PST"]
[Termination "ahmadzada13 won by checkmate"]

1. Nf3 c5 2. b3 Nc6 3. Bb2 d6 4. d4 cxd4 5. Nxd4 Nf6 6. g3 Bd7 7. Bg2 Nxd4 8. Qxd4 Bc6 9. O-O Bxg2 10.
Kxg2 e6 11. Nc3 Be7 12. Rad1 O-O 13. e4 Rc8 14. Rd2 Qa5 15. Rfd1 Rc6 16. a3 Rfc8 17.
b4 Qh5 18. Qxa7 Rxc3 19. Bxc3 Rxc3 20. Qxb7 Qf3+ 21. Kg1 Bf8 22. Rd3 Rxd3 23. Rxd3 Qe2 24. Qb6 Qe1+ 25. Kg2 Qxe4+ 26. f3 Qc4 27. Qf2 Nd5 28.
Qd2 g6 29. Rd4 Qa2 30. c4 Ne3+ 31. Kf2 Qxd2+ 32. Rxd2 Nxc4 33. Rd3 d5 34. Ke2 Bd6 35. Rb3 Kf8 36. a4 Ke7 37. a5 Kd7 38. f4 Kc7 39. Kd3 Kb7 40. Kd4 Ka6 41. Rb1 Kb5 42. Kc3 Na3 43.
Rb3 Nc4 44. Rb1 Be7 45. h3 Na3 46. Rb3 Ka4 47. a6 Nb5+ 48. Kc2 Na7 49. Kc3 Kb5 50. g4 Kxa6 51. f5 gxf5 52. gxf5 Kb5 53. Kc2 Nc6 54.
Kd3 Bxb4 55. fxe6 fxe6 56. Rb2 e5 57. Rg2 e4+ 58. Ke3 Bc5+ 59. Kf4 Kc4 60. Rc2+ Kd4 61.
Rd2+ Kc4 62. Rc2+ Kb5 63. Rb2+ Nb4 64. h4 Kc4 65. Kg5 e3 66. Kh6 d4 67. Kxh7 d3 68.
h5 e2 69. Rb1 d2 70. Rh1 d1=Q 71. Rh4+ Bd4 72. Rg4 e1=Q 73. h6 Qe7+ 74. Rg7 Qd3+ 75.
Kg8 Qe8# 0-1

[Event "*** Titled Tuesday Blitz"]
[Site "Chess.com"]
[Date "2018.11.06"]
[Round "3"]
[White "jacky72"]
[Black "mishanick"]
[Result "0-1"]
[WhiteElo "2692"]
[BlackElo "2928"]
[TimeControl "180+2"]
[EndTime "13:42:27 PST"]
[Termination "mishanick won by resignation"]

1. d4 Nf6 2. c4 e6 3. Nf3 d5 4.
Nc3 dxc4 5. e3 a6 6. Bxc4 b5 7. Bb3 Nbd7 8. O-O c5 9. e4 cxd4 10.
Nxd4 Bb7 11. Re1 Ne5 12. Bf4 Ng6 13. Bg3 Bc5 14. Nf3 O-O 15. Ne5 Qxd1 16. Bxd1 Rfd8 17.
Nxg6 hxg6 18. e5 Nh5 19. Bxh5 gxh5 20. Rad1 Bd4 21. Bh4 Bxc3 22. bxc3 Rdc8 23. Rd3 Bd5 24. a3 Rc4 25. Be7 Rac8 26. Bb4 g5 27. f3 Kg7 28.
Red1 Kg6 29. Rd4 R4c6 30. Kf2 Ra8 31. R1d3 Kf5 32. Re3 a5 33. Bd6 Rac8 34. Rdd3 Rc4 35. h3 h4 36. Be7 Kg6 37. Bd6 Ra4 38. Be7 Rc6 39. Bd6 f5 40. Re1 Rac4 41. Rb1 Rxc3 42.
Rxc3 Rxc3 43. Rxb5 Rc2+ 44. Kg1 g4 45. hxg4 fxg4 46.
Rc5 Rd2 47. Be7 g3 48. Kf1 Rf2+ 49. Kg1 Ra2 50. Kf1 h3 51. gxh3 Bxf3 52. Rc1 Rf2+ 53. Ke1 Re2+ 54. Kf1 Rh2 55. Bc5 Kf5 56. Bg1 Re2 57.
Bb6 Rh2 58. Rc3 Kf4 59. Be3+ Ke4 60. Bg1 Rxh3 61. Rc4+ Kf5 62. Rc3 Be4 63. Rc5 g2+ 64.
Ke1 Rxa3 65. Rc1 Ra2 66. Bh2 Bf3 67. Rc3 Kg4 68. Rc4+ Kh3 69. Bg1 Ra1+ 70. Kf2 Rf1+ 71. Ke3 Rxg1 72. Kxf3 Rf1+ 73. Ke2 g1=Q 74. Rg4 Qxg4+ 75.
Kxf1 Qg2+ 0-1

[Event "*** Titled Tuesday Blitz"]
[Site "Chess.com"]
[Date "2018.11.06"]
[Round "3"]
[White "champ2005"]
[Black "Adham_Fawzy"]
[Result "1-0"]
[WhiteElo "2761"]
[BlackElo "2650"]
[TimeControl "180+2"]
[EndTime "13:42:38 PST"]
[Termination "champ2005 won by resignation"]

1. e4 c5 2. Nf3 Nc6 3. d4 cxd4 4. Nxd4 Nf6 5. Nc3 e5 6. Ndb5 d6 7. Nd5 Nxd5 8. exd5 Ne7 9. c4 Nf5 10. Bd3 g6 11.
O-O a6 12. Nc3 Bg7 13. Ne4 O-O 14. b3 Nd4 15. Ba3 f5 16. Nxd6 e4 17. Nxc8 exd3 18.
Ne7+ Kh8 19. Qxd3 Re8 20. Rae1 Qa5 21. Bb2 Nf3+ 22. Qxf3 Bxb2 23. d6 Qc5 24. Qd5 Qxd5 25. Nxd5 Red8 26. d7 Rab8 27. Re2 Ba3 28. Nf6 Kg7 29.
Ne8+ Kf7 30. Rd1 b5 31. cxb5 axb5 32. Nc7 Rb7 33. Re8 Be7 34. Rxd8 Bxd8 35. Na6 Ra7 36.
Nb4 Rc7 37. g3 Ke6 38. Kg2 Rxd7 39. Rxd7 Kxd7 40. Kf3 Ke6 41. Nd3 g5 42. a4 bxa4 43. bxa4 Kd5 44. g4 Ke6 45. Nc5+ Ke5 46. Nd7+ Ke6 47. Nf8+ Kf7 48. Nd7 Ke6 49. Nc5+ Kd5 50. Nb7 fxg4+ 51. Kxg4 Be7 52. Kf5 Kc4 53. Ke6 Bb4 54.
Nd6+ Kb3 55. Ne4 Be1 56. f3 h6 57. Kf5 Kxa4 58. Kg6 Bh4 59. Kxh6 Kb5 60. Nxg5 Kc5 61. f4 Kd5 62. f5 Ke5 63. Kg6 Kf4 64. Ne6+ Kg4 65. Nd4 Kh3 66. Nf3 Bd8 67. Kh5 Kg2 68. Kg4 Bf6 69. h4 Kf2 70. h5 Ke3 71. h6 Ke4 72. Nh4 Ke5 73. Ng6+ Kd6 74. h7 Kd7 75.
h8=Q Bxh8 76. Nxh8 Ke7 77. Kg5 Kf8 78. Ng6+ Kg8 79. f6 Kf7 80. Kf5 Ke8 81. Ke6 1-0

[Event "*** Titled Tuesday Blitz"]
[Site "Chess.com"]
[Date "2018.11.06"]
[Round "3"]
[White "gemarin"]
[Black "Iyael"]
[Result "0-1"]
[WhiteElo "2067"]
[BlackElo "2021"]
[TimeControl "180+2"]
[EndTime "13:42:38 PST"]
[Termination "Iyael won by resignation"]

1. d4 Nf6 2. c4 g6 3. Nf3 Bg7 4. g3 d6 5. Bg2 O-O 6. O-O Nbd7 7. Nc3 e5 8. Qc2 c6 9. Rd1 Qb6 10. Na4 Qc7 11. h3 Re8 12. Nc3 h6 13. b3 e4 14. Ne1 d5 15. cxd5 cxd5 16. Nb5 Qxc2 17. Nxc2 Rd8 18. Nc7 Rb8 19. Bf4 g5 20. Be5 Ne8 21.
Nxd5 Nxe5 22. dxe5 Be6 23. Bxe4 Bxe5 24. Rab1 Bxh3 25. Ne7+ Kf8 26. Nf5 Bxf5 27. Bxf5 Nd6 28. Bd3 f5 29. Ne3 f4 30. Ng4 Bg7 31. gxf4 gxf4 32.
Rbc1 Rbc8 33. Kg2 Nf7 34. Rxc8 Rxc8 35. Be4 Rc7 36. Rd5 Re7 37. Bd3 Ne5 38. Nxe5 Bxe5 39. Kf3 Kg7 40. Rd8 Bc7 41. Ra8 Bb6 42. Bc4 Bd4 43. Rd8 Bb6 44. Rg8+ Kh7 45. Rg4 Bc7 46. Bd3+ Kh8 47. Rg6 Rh7 48. Re6 Rf7 49. Rxh6+ Kg7 50.
Re6 Kf8 51. Bc4 Re7 52. Rg6 Rg7 53. Rh6 Ke7 54. Bd5 b6 55. Rc6 Rh7 56. Bc4 Kd7 57. Rg6 Rh3+ 58. Ke4 Rh2 59. Rg7+ Kd6 60. f3 Kc6 61. a4 Bd6 62. Bb5+ Kc5 63. Bc4 Rh4 64. Rxa7 Rh5 65. Kd3 Re5 66. Rf7 Re3+ 67. Kd2 Kb4 68.
Rf5 Re7 69. Rb5+ Ka3 70. Rxb6 Bb4+ 71. Kd3 Re3+ 72. Kc2 Rc3+ 73. Kd1 Bc5 74. Kd2 Rxc4 75. bxc4 Bxb6 76. Kd3 Kxa4 77. Ke4 Be3 78. Kd5 Kb4 79. c5 Bxc5 80. Ke4 Be3 81. Kd3 Kb3 82. Ke4 Kc3 83.
Kf5 Kd2 84. Ke4 Kxe2 0-1

[Event "*** Titled Tuesday Blitz"]
[Site "Chess.com"]
[Date "2018.11.06"]
[Round "3"]
[White "andrzej"]
[Black "ShadowJolteon"]
[Result "1/2-1/2"]
[WhiteElo "2243"]
[BlackElo "2365"]
[TimeControl "180+2"]
[EndTime "13:42:48 PST"]
[Termination "Game drawn by stalemate"]

1. d4 Nf6 2. c4 e6 3. g3 d5 4. Nf3 Be7 5. Bg2 O-O 6. O-O dxc4 7. Ne5 Nc6 8. Bxc6 bxc6 9. Nxc6 Qe8 10. Nxe7+ Qxe7 11. Qa4 c5 12. Qxc4 cxd4 13. Qxd4 Bb7 14. Bg5 Rfd8 15. Qh4 e5 16. Nc3 Rd4 17. e4 Rad8 18.
Rfe1 Qe6 19. h3 Rd3 20. Rac1 R8d4 21. Bxf6 gxf6 22. Qg4+ Qxg4 23. hxg4 Kg7 24. Re2 Bc8 25. Nb5 Rd1+ 26. Rxd1 Rxd1+ 27. Kg2 Bxg4 28. Re3 Rd2 29. Rb3 Be6 30. Rb4 a5 31. Ra4 Rxb2 32. Rxa5 Bxa2 33.
Nc3 Be6 34. Nd1 Rb3 35. Ne3 h5 36. Ra6 Rb2 37. Ra4 Kg6 38. Ra3 Bc8 39. Rc3 Bb7 40. Kf3 Rb5 41. Rc7 Rb4 42. Nd5 Bxd5 43. exd5 Rd4 44.
Rd7 f5 45. Ke3 Kf6 46. f4 Rd1 47. Rd6+ Ke7 48. fxe5 Re1+ 49. Kf4 Rf1+ 50. Kg5 Rg1 51. Kxf5 Rxg3 52. Rh6 Rd3 53. Ke4 Rh3 54. d6+ Kd7 55. Kd5 Rh1 56. Rh7 Ke8 57. Kc6 Rc1+ 58. Kd5 Rd1+ 59.
Ke4 Rh1 60. Kf5 h4 61. Kg4 Re1 62. Rh5 Re4+ 63. Kf5 Ra4 64. e6 fxe6+ 65. Kxe6 Re4+ 66. Kd5 Re1 67. Rh8+ Kd7 68. Rh7+ Kd8 69. Rxh4 Rd1+ 70. Ke6 Re1+ 71. Kf5 Rf1+ 72. Ke5 Re1+ 73. Kd5 Rd1+ 74. Kc6 Rc1+ 75. Kd5 Rd1+ 76. Rd4 Rxd4+ 77. Kxd4 Kd7 78. Kd5 Kd8 79. Ke5 Kd7 80. Kd5 Kd8 81. Ke4 Kd7 82. Ke5 Kd8 83. Ke6 Ke8 84. Kd5 Kd7 85. Kc5 Kd8 86. Kc6 Kc8 87. Kb6 Kd7 88. Kc5 Kd8 89.
Kc6 Kc8 90. d7+ Kd8 91. Kd6 1/2-1/2

[Event "*** Titled Tuesday Blitz"]
[Site "Chess.com"]
[Date "2018.11.06"]
[Round "3"]
[White "Caminator2000"]
[Black "vovachesss"]
[Result "1/2-1/2"]
[WhiteElo "2303"]
[BlackElo "2437"]
[TimeControl "180+2"]
[EndTime "13:42:52 PST"]
[Termination "Game drawn - insufficient material"]

1. d4 Nc6 2. Nf3 d6 3. Bg5 g6 4.
d5 Ne5 5. Nxe5 dxe5 6. e4 Bg7 7. Nc3 Nf6 8. Bb5+ Bd7 9. Qe2 O-O 10. O-O-O a6 11.
Bxd7 Qxd7 12. h4 h6 13. Bxf6 exf6 14. h5 b5 15. Qf3 b4 16. Ne2 a5 17. Qh3 Qb5 18.
Qd3 Qb6 19. Qe3 Rfb8 20. Qxb6 Rxb6 21. Ng3 a4 22. Rd3 c5 23. c4 bxc3 24. Rxc3 Rab8 25. Rc2 c4 26. Re1 a3 27. bxa3 Bf8 28. Rxc4 Bxa3+ 29. Kd1 Rb1+ 30. Ke2 R1b2+ 31. Kf1 Rxa2 32. Ne2 Rbb2 33.
hxg6 fxg6 34. Rc8+ Kf7 35. Rec1 f5 36. R1c7+ Kf6 37. Rc6+ Kg5 38. f4+ exf4 39. Ng1 Rf2+ 40. Ke1 Bb4+ 41. Rc3 fxe4 42. Nh3+ Kf5 43. Nxf2 Rc2 44.
Nd1 Rxg2 45. Kf1 Rd2 46. Rc1 e3 47. R8c4 e2+ 48. Ke1 exd1=Q+ 49. Rxd1 Rd4+ 50. Rxb4 Rxb4 51. d6 Rb8 52. d7 Rd8 53. Rd6 h5 54. Kf2 g5 55.
Rd5+ Kf6 56. Kf3 h4 57. Kg4 h3 58. Kxh3 f3 59. Kg3 g4 60. Kxg4 f2 61. Rf5+ Ke6 62. Rxf2 Rxd7 63. Re2+ Kf7 64. Kf5 Rd5+ 65. Re5 Rd2 66. Ra5 Rf2+ 67. Ke5 Rh2 68. Ra7+ Kg6 69.
Ra6+ Kg5 70. Ra8 Re2+ 71. Kd4 Rb2 72. Kc3 Rb7 73. Ra5+ Kf6 74. Ra4 Rc7+ 75. Rc4 Rf7 76. Rd4 Ke5 77. Rc4 Rf3+ 78. Kb4 Kd5 79. Rc5+ Kd4 80.
Rc4+ Kd5 81. Rc5+ Kd6 82. Rc4 Rf5 83. Rd4+ Ke5 84. Rc4 Rf1 85. Rc5+ Kd6 86. Rc4 Rb1+ 87. Kc3 Kd5 88. Rd4+ Ke5 89. Rb4 Rc1+ 90. Kd3 Rc8 91. Rb5+ Kd6 92. Kd4 Rc1 93. Rb6+ Kc7 94. Rh6 Rd1+ 95.
Kc5 Rc1+ 96. Kd5 Kb7 97. Rh7+ Rc7 98. Rh6 Rd7+ 99. Rd6 Rc7 100. Ke6 Rc3 101. Rd5 Kc6 102. Rd6+ Kc5 103. Rd5+ Kc4 104. Rh5 Re3+ 105. Kd6 Rd3+ 106. Kc6 Rd4 107. Rc5+ Kd3 108. Rd5 Rxd5 109. Kxd5 1/2-1/2

[Event "*** Titled Tuesday Blitz"]
[Site "Chess.com"]
[Date "2018.11.06"]
[Round "3"]
[White "twitchTriniCupid"]
[Black "tactics321"]
[Result "0-1"]
[WhiteElo "2247"]
[BlackElo "2360"]
[TimeControl "180+2"]
[EndTime "13:42:54 PST"]
[Termination "tactics321 won by checkmate"]

1. d4 Nf6 2. c4 b6 3. Nc3 Bb7 4. Nf3 e6 5. Qc2 Bb4 6. a3 Bxc3+ 7. Qxc3 O-O 8. Bg5 d6 9. e3 Nbd7 10. Be2 c5 11. O-O Rc8 12. Rfd1 Qc7 13. Rac1 Qb8 14.
b4 Ne4 15. Qb2 Nxg5 16. Nxg5 Nf6 17. Nf3 Rfd8 18. Qb1 Be4 19. Qb3 Qa8 20. Qa4 cxd4 21. Rxd4 d5 22. Qa6 dxc4 23. Rxd8+ Rxd8 24. Qxc4 h6 25. h3 Bb7 26. Qf4 Rc8 27. Rd1 Bd5 28. g4 Rc3 29. a4 Rc2 30. Nd4 Ra2 31. a5 bxa5 32.
bxa5 Rxa5 33. Rb1 Nd7 34. Qc7 Nb6 35. Nb5 Ra2 36. Bd3 Be4 37. Qd6 Bxd3 38. Qxd3 Qf3 39.
Qf1 Nd5 40. Nd4 Qe4 41. Rb8+ Kh7 42. Rb7 Nxe3 43. Qb1 Qxb1+ 44. Rxb1 Nd5 45. Rb7 Kg6 46. Nf3 f6 47. h4 Nf4 48. h5+ Kh7 49. Nd4 Nh3+ 50.
Kg2 Nxf2 51. Nxe6 Ne4+ 52. Kf3 Ng5+ 53. Nxg5+ hxg5 54. Ke4 Ra4+ 55. Kf3 Rf4+ 56. Kg3 a5 57. Ra7 a4 58. Kh3 Rb4 59. Kg3 Rb3+ 60. Kf2 a3 61.
Kg2 Kh6 62. Kf2 g6 63. hxg6 Kxg6 64. Ra6 Kf7 65. Kg2 Ke7 66. Kf2 Rb2+ 67. Kf3 a2 68.
Ke4 Rf2 69. Kd5 Rd2+ 70. Ke4 Rg2 71. Kf5 Rf2+ 72. Kg6 Rf4 73. Kh5 Rf2 74. Kg6 Rd2 75. Kf5 Rd5+ 76. Kg6 Rd4 77. Rxa2 Rxg4 78. Ra7+ Ke6 79.
Ra6+ Ke5 80. Rxf6 Rf4 81. Ra6 g4 82. Kg5 Rd4 83. Ra8 g3 84. Ra1 Ke4 85. Kg4 Rd3 86. Kh3 Kf4 87. Rf1+ Rf3 88. Ra1 Rf2 89. Ra8 Rh2# 0-1

[Event "*** Titled Tuesday Blitz"]
[Site "Chess.com"]
[Date "2018.11.06"]
[Round "3"]
[White "MITerryble"]
[Black "kuli4ik"]
[Result "1/2-1/2"]
[WhiteElo "2755"]
[BlackElo "2782"]
[TimeControl "180+2"]
[EndTime "13:42:55 PST"]
[Termination "Game drawn by agreement"]

1. d4 d5 2. Nf3 c6 3. c4 Nf6 4.
Nc3 dxc4 5. a4 Bf5 6. Ne5 Na6 7. e3 Nb4 8. Bxc4 e6 9. O-O Bc2 10. Qe2 Be7 11. Bd2 O-O 12. Rfc1 a5 13. Na2 Nxa2 14. Rxc2 Nb4 15. Rcc1 Qb6 16. Rab1 Rad8 17. Be1 Nbd5 18. Nd3 Nb4 19. Ne5 Nbd5 20. Nd3 Nb4 21. Bxb4 Bxb4 22.
Rd1 Be7 23. Qc2 Rd7 24. Ne5 Rd6 25. Be2 Rdd8 26. Nc4 Qc7 27. Qb3 Bb4 28. Rbc1 Rfe8 29. Ne5 Nd7 30. Nd3 Bd6 31. g3 Qb6 32. Qc2 e5 33.
dxe5 Nxe5 34. Nxe5 Bxe5 35. b3 g6 36. Bc4 Kg7 37.
Rxd8 Rxd8 38. Rd1 Bf6 39. Rd3 Rxd3 40. Qxd3 Qd8 41. Qe2 Qd7 42. Kg2 h5 43. Qe1 b5 44.
axb5 cxb5 45. Be2 a4 46. bxa4 bxa4 47. Qb1 a3 48. Qa2 Qe7 49. h4 Qb7+ 50. Bf3 Qb2 51.
Bd5 Qxa2 52. Bxa2 Be7 53. Kf3 f5 54. e4 Kf6 55. exf5 gxf5 56. Ke3 Bc5+ 57. Ke2 Ke5 58.
f3 Kd4 59. Kf1 f4 60. g4 hxg4 61. fxg4 Be7 62. g5 Ke3 63. g6 Bf8 64. h5 Kf3 65. Be6 Kg3 66. Bf7 Kg4 67. Kf2 Bg7 68. Kg2 Kxh5 69.
Kf3 Kg5 70. Be6 Kf6 71. Bf7 Ke5 72. Kf2 Ke4 73. Ke2 Bd4 74. Kf1 Kf3 75. Bd5+ Kg3 76. Bf7 Kf3 77. Bd5+ Ke3 78. Bf7 Kd3 79. Be6 Kd2 80. Bf7 Be5 81. Be6 Ke3 82. Bf7 Bd4 83. Be6 Bc3 84. Bf7 Bf6 85. Be6 Bd4 86. Bf7 Ke4 87. Be6 Bc3 88. Bf7 Kf5 89. Kf2 Bd4+ 90. Kf3 Be5 91. Kf2 Bf6 92. Kf3 Bd4 93. Ke2 Kg4 94.
Kf1 Kg5 95. Kg2 Be5 96. Kf3 Bf6 97. Kf2 Bg7 98. Kf3 Kf5 99. Kf2 a2 100. Bxa2 Kxg6 101. Kf3 Kf5 102. Bb1+ Kg5 103. Bc2 Bf6 1/2-1/2

[Event "*** Titled Tuesday Blitz"]
[Site "Chess.com"]
[Date "2018.11.06"]
[Round "3"]
[White "Koksik_13"]
[Black "FearNoEvil12"]
[Result "1-0"]
[WhiteElo "2702"]
[BlackElo "1946"]
[TimeControl "180+2"]
[EndTime "13:42:56 PST"]
[Termination "Koksik_13 won by checkmate"]

1. Nf3 b5 2. g3 Bb7 3. Bg2 Nf6 4.
O-O e6 5. Ne5 Bxg2 6. Kxg2 d6 7.
Nf3 Nbd7 8. d4 h5 9. Qd3 a6 10. a4 b4 11. e4 Be7 12. Bg5 O-O 13. Nbd2 c5 14. c3 a5 15. Rad1 bxc3 16. bxc3 cxd4 17. Qxd4 Qb6 18. Nc4 Qxd4 19. cxd4 Rfc8 20. Rc1 d5 21. exd5 Nxd5 22. Bxe7 Nxe7 23. Nd6 Rxc1 24. Rxc1 Nd5 25.
Ng5 Rf8 26. Rc6 N7b6 27. Rc5 Nxa4 28. Rxa5 Nac3 29. Ra7 Ne2 30. Ndxf7 Nxd4 31. Ne5 Re8 32. Ng6 Nf5 33. Ra6 Nd4 34. Rd6 Nf5 35. Rxe6 Rxe6 36.
Nxe6 Kf7 37. Ngf4 Nxf4+ 38. Nxf4 g6 39. Kf3 Nh6 40. h3 Kf6 41. Ke4 Nf7 42. Nd5+ Ke6 43. Nc7+ Kf6 44. f4 Nd6+ 45. Kf3 Nf5 46. Nd5+ Ke6 47.
Ne3 Nd6 48. Nf1 Nf5 49. Nd2 Kd5 50. Nb3 Ke6 51. Na5 Kf6 52. Nc6 g5 53. Ne5 gxf4 54.
Kxf4 Nh6 55. Nd7+ Kg6 56. Ne5+ Kf6 57. Nd7+ Kg6 58. Nc5 Kf6 59. Ne4+ Kg6 60. Nd6 Ng8 61.
Nc4 Nf6 62. Ne5+ Kh6 63. Kf5 Nd5 64. Nf7+ Kg7 65. Nd6 Nf6 66. Kg5 h4 67. Kxh4 Kg6 68. g4 Nd5 69. Kg3 Kf6 70. Ne4+ Kg6 71. h4 Ne7 72.
h5+ Kh6 73. Kh4 Ng8 74. g5+ Kg7 75. Ng3 Kh7 76. Kg4 Ne7 77. Nf5 Ng8 78. g6+ Kh8 79. Kg5 Nh6 80. Kxh6 Kg8 81. Kg5 Kh8 82. Kg4 Kg8 83. Kg3 Kh8 84. Kg2 Kg8 85. Kg1 Kh8 86. h6 Kg8 87. Ne7+ Kh8 88. g7+ Kh7 89. g8=Q+ Kxh6 90. Qg6# 1-0

[Event "*** Titled Tuesday Blitz"]
[Site "Chess.com"]
[Date "2018.11.06"]
[Round "3"]
[White "sere99"]
[Black "santosalberto1987"]
[Result "0-1"]
[WhiteElo "2302"]
[BlackElo "2400"]
[TimeControl "180+2"]
[EndTime "13:43:06 PST"]
[Termination "santosalberto1987 won by resignation"]

1. d4 d5 2. c4 c6 3. cxd5 cxd5 4. Nc3 Nf6 5. Bf4 Nc6 6. e3 Bf5 7. Qb3 Na5 8. Qa4+ Bd7 9. Qc2 e6 10. Bd3 Be7 11. Nf3 O-O 12. O-O Rc8 13. h3 Nc4 14.
Qe2 h6 15. Rac1 Qb6 16. Bxc4 Rxc4 17. Ne5 Rcc8 18. Rc2 Bd6 19. Rfc1 Bxe5 20. Bxe5 Qd8 21. Qf3 Qe7 22. Bxf6 Qxf6 23. Qxf6 gxf6 24. Kf1 Rc4 25.
Ke1 Rfc8 26. Kd2 Kf8 27. b3 R4c7 28. g3 b6 29. h4 Be8 30. Ke1 Bb5 31. Kd2 Bd7 32.
a3 Ke8 33. Ne2 Rxc2+ 34. Rxc2 Rxc2+ 35. Kxc2 Bb5 36. Nc3 Bf1 37. Kd2 Kd7 38. Ke1 Bd3 39. Kd2 Bf1 40. Na2 a5 41. Nc1 Kc6 42. Na2 Ba6 43.
Nc1 Bf1 44. Kc3 Ba6 45. b4 Bc4 46. f3 Kb5 47. bxa5 bxa5 48. Nb3 Ka4 49. Nc5+ Kxa3 50. Nd7 a4 51. Nxf6 Ka2 52. Kc2 Bb3+ 53. Kc1 Ka3 54.
Ng8 h5 55. Nf6 Kb4 56. Nxh5 Kc3 57. Nf4 Bc2 58. Ne2+ Kb3 59. Kd2 Kb2 60. h5 a3 61.
Nc3 Bh7 62. e4 a2 63. Nxa2 Kxa2 64. Ke3 Kb3 65. exd5 exd5 66. Kf4 Kc4 67. Ke5 f6+ 68. Kxf6 Kxd4 69. g4 Ke3 70. g5 d4 71. g6 Bxg6 72.
hxg6 d3 73. g7 d2 74. g8=Q d1=Q 75. Qe8+ Kf4 76. Qe4+ Kg3 77. Qg4+ Kf2 78. Qh4+ Ke3 79. Qe4+ Kf2 80. f4 Qd6+ 81. Kg5 Qd8+ 82. Kg4 Qg8+ 83. Kh5 Kg3 84. Qe3+ Kg2 85. f5 Qf7+ 86. Kg5 Qg7+ 87. Kf4 Qh6+ 88. Ke4 Qc6+ 89. Ke5 Qe8+ 90. Kd4 Qa4+ 91.
Kd3 Qb5+ 92. Ke4 Qc6+ 93. Kf4 Qh6+ 94. Ke5 Qxe3+ 95. Kf6 Qe8 96. Kg7 Qe7+ 97. Kg6 Qf8 98. f6 Kf3 0-1

[Event "*** Titled Tuesday Blitz"]
[Site "Chess.com"]
[Date "2018.11.06"]
[Round "3"]
[White "BilodeauA"]
[Black "VladimirBelous"]
[Result "0-1"]
[WhiteElo "2832"]
[BlackElo "2740"]
[TimeControl "180+2"]
[EndTime "13:43:41 PST"]
[Termination "VladimirBelous won by resignation"]

1. d4 c5 2. c3 d5 3. Bf4 Nc6 4. e3 Nf6 5. Nd2 Qb6 6. Qb3 c4 7. Qc2 Bg4 8. Ngf3 e6 9. b3 Bf5 10.
Qc1 Qa5 11. a4 cxb3 12. Nxb3 Qb6 13. Nbd2 Rc8 14. Be2 Nh5 15. Bg3 Be7 16. O-O Nxg3 17. hxg3 O-O 18. Nh4 Bxh4 19. gxh4 h6 20. Qa3 Qd8 21.
g3 Re8 22. c4 e5 23. cxd5 Qxd5 24. Bf3 Qd7 25. d5 e4 26. dxc6 Rxc6 27. Nxe4 Bxe4 28. Bxe4 Rxe4 29. Rfd1 Qf5 30. Rd8+ Kh7 31. Qf8 Rf6 32.
Rf1 Rxe3 33. Qh8+ Kg6 34. h5+ Kxh5 35. Qxg7 Rg6 36. fxe3 Qg5 37. Qb2 Qxe3+ 38. Kh1 Rxg3 39. Rd5+ f5 40. Rdxf5+ Kg6 41. Rf6+ Kh5 42. Qh2+ Rh3 43. R1f5+ Kg4 44. Rf4+ Kg5 45. R6f5+ Kg6 46. Rf6+ Kg5 47. R4f5+ Kg4 48. Rf4+ Kg5 49. R6f5+ Kg6 50. Rf6+ Kg5 51. R4f5+ Kg4 52. Rf2 Rxh2+ 53. Kxh2 Qe5+ 54. Kg2 Kg5 55. R6f3 h5 56. Rg3+ Kh6 57. Kh3 Qe6+ 58. Kh2 Qe5 59. Kh3 Qe6+ 60. Kg2 Qc6+ 61. Kg1 h4 62. Rg4 Kh5 63. Rgf4 Kg5 64. Rf5+ Kg4 65. Rf6 Qe4 66. Rg2+ Kh3 67. Rff2 Qe1+ 68. Rf1 Qe3+ 69. Rff2 Qc1+ 70. Rf1 Qc5+ 71. Rff2 Qe3 72. Kf1 Qc1+ 73. Ke2 Qc4+ 74. Ke1 Qb4+ 75. Kf1 Qb1+ 76. Ke2 Qe4+ 77. Kf1 a5 78.
Re2 Qf3+ 79. Kg1 Qf4 80. Rgf2 Qxa4 81. Rg2 Qf4 82. Ref2 Qe3 83. Kf1 a4 84. Re2 Qd3 85.
Kg1 a3 86. Rd2 Qe3+ 87. Rdf2 b5 88. Rh2+ Kg4 89. Rg2+ Kh5 90. Kh2 Qe5+ 91. Kh3 b4 92. Re2 Qf5+ 93. Kh2 b3 94. Rgf2 Qg5 95. Rf3 a2 96. Re1 b2 97. Re8 Qd2+ 98. Kh3 Qd7+ 99. Kh2 Qxe8 0-1

[Event "*** Titled Tuesday Blitz"]
[Site "Chess.com"]
[Date "2018.11.06"]
[Round "3"]
[White "Sanan_Sjugirov"]
[Black "Ramosha"]
[Result "1/2-1/2"]
[WhiteElo "2859"]
[BlackElo "2478"]
[TimeControl "180+2"]
[EndTime "13:44:18 PST"]
[Termination "Game drawn by agreement"]

1. e4 e6 2. d4 d5 3. Nd2 Be7 4. Ngf3 Nf6 5. e5 Nfd7 6. c3 c5 7. Bd3 b6 8. O-O Ba6 9. Ne1 O-O 10. Qg4 Qc8 11. Bxa6 Nxa6 12. Nd3 cxd4 13. cxd4 Nb4 14.
Nxb4 Bxb4 15. Nf3 Qc2 16. Bh6 Qg6 17. Qxg6 hxg6 18. Bg5 Rfc8 19. Rac1 f6 20. exf6 gxf6 21. Bf4 Kf7 22. h4 b5 23. Bc7 Nb6 24. b3 Ke7 25. Bf4 Ba3 26. Rce1 Kf7 27. Re2 Nd7 28. g4 Rc6 29. Kg2 Rac8 30. Rfe1 Nf8 31. g5 Be7 32. gxf6 Bxf6 33. Bg5 Rc2 34. Kg3 Rxe2 35. Rxe2 Rc3 36. Kg4 Nd7 37. Be3 Be7 38. Kg3 Bd6+ 39. Kg2 Be7 40.
Bg5 a5 41. Bxe7 Kxe7 42. Ng5 Nf8 43. Nf3 Nd7 44. Ng5 Nf8 45. Rd2 a4 46. bxa4 bxa4 47. Rb2 a3 48. Rb7+ Nd7 49. Ra7 Kd6 50. Ra6+ Kc7 51. Nxe6+ Kb7 52. Ra5 Nb6 53. Nc5+ Kc6 54. Ra7 Nc4 55. Ne6 Rc2 56. Nf4 Rxa2 57. Nxg6 Kb6 58.
Ra8 Kb7 59. Ra4 Rd2 60. h5 a2 61. h6 Nb6 62. Ra3 Nc4 63. Ra4 Nb6 64. Ra5 Nc4 65.
Ra4 Nb6 66. Rxa2 Rxa2 67. h7 Ra8 68. h8=Q Rxh8 69. Nxh8 Kc6 70. Kf3 Kd6 71. Kf4 Nc4 72. Nf7+ Ke6 73. Nd8+ Kf6 74. Nc6 Nb2 75. Ne5 Nd1 76. f3 Nb2 77. Ng4+ Ke6 78. Kg5 Nd1 79. f4 Nc3 80. f5+ Kd6 81. f6 Ne2 82. Kg6 Nxd4 83. f7 Ne6 84. Kf6 d4 85. Ne5 Kd5 86. Nd3 Kd6 87. Nf4 Nf8 88. Kg7 Nd7 89. Nd3 Kd5 90.
Nf4+ Ke4 91. Nh5 Ke5 92. Nf6 Nc5 93. Kg6 Ne6 94. Nd7+ Kd6 95. Nf6 d3 96. Ne4+ Kd5 97. Nd2 Kd4 98. Kf6 Nf8 99. Kg7 Nd7 100. Nf3+ Ke4 101. Nd2+ 1/2-1/2

[Event "*** Titled Tuesday Blitz"]
[Site "Chess.com"]
[Date "2018.11.06"]
[Round "4"]
[White "VladimirPotkin"]
[Black "evgenysharapov"]
[Result "1-0"]
[WhiteElo "2578"]
[BlackElo "2401"]
[TimeControl "180+2"]
[EndTime "13:46:55 PST"]
[Termination "VladimirPotkin won by resignation"]

1. e4 d5 2. exd5 Qxd5 3. Nc3 Qa5 4. d4 Nf6 5. Nf3 c6 6. Bc4 Bf5 7. Bd2 e6 8. Nd5 Qd8 9. Nxf6+ gxf6 10. Qe2 Nd7 11.
O-O-O Nb6 12. Bb3 Qd7 13. Nh4 Bg6 14. f4 O-O-O 15. g4 f5 16. gxf5 exf5 17. Nf3 f6 18.
Be6 1-0

[Event "*** Titled Tuesday Blitz"]
[Site "Chess.com"]
[Date "2018.11.06"]
[Round "4"]
[White "sere99"]
[Black "juniortay"]
[Result "1-0"]
[WhiteElo "2312"]
[BlackElo "2370"]
[TimeControl "180+2"]
[EndTime "13:47:16 PST"]
[Termination "sere99 won by resignation"]

1. d4 Nf6 2. c4 g6 3. Nf3 Bg7 4. g3 d6 5. Bg2 O-O 6. O-O c6 7. Nc3 Qa5 8. e4 Bg4 9. h3 Bxf3 10. Bxf3 a6 11. Bg2 Nbd7 12. Re1 e5 13. Be3 Rfe8 14. Qd2 exd4 15. Bxd4 Nc5 16. Rad1 Rad8 17. Bxf6 Bxf6 18. Nd5 1-0

[Event "*** Titled Tuesday Blitz"]
[Site "Chess.com"]
[Date "2018.11.06"]
[Round "4"]
[White "OscarAng"]
[Black "SimonKnightRivendell"]
[Result "1-0"]
[WhiteElo "2116"]
[BlackElo "1970"]
[TimeControl "180+2"]
[EndTime "13:48:01 PST"]
[Termination "OscarAng won by resignation"]

1. e4 c5 2. Nf3 d6 3. d4 cxd4 4.
Nxd4 Nf6 5. Nc3 a6 6. Bg5 e6 7.
f4 Be7 8. Qf3 Qc7 9. O-O-O b5 10.
Bxf6 gxf6 11. e5 Bb7 12. Qh5 Kf8 13. Qh6+ Ke8 14. Qg7 Rf8 15. exf6 Bd8 16. Bxb5+ Nd7 17.
Rhe1 Bxf6 18. Bxd7+ Kxd7 19. Qxf6 1-0

[Event "*** Titled Tuesday Blitz"]
[Site "Chess.com"]
[Date "2018.11.06"]
[Round "4"]
[White "colegiodemadrid"]
[Black "JosefineHeinemann"]
[Result "1-0"]
[WhiteElo "2212"]
[BlackElo "2335"]
[TimeControl "180+2"]
[EndTime "13:48:58 PST"]
[Termination "colegiodemadrid won by checkmate"]

1. e4 c5 2. Nf3 d6 3. Nc3 a6 4. d4 cxd4 5. Nxd4 Nf6 6. Bg5 e6 7. f4 h6 8. Bh4 Qb6 9. a3 Be7 10. Bf2 Qc7 11. Qf3 Nbd7 12. O-O-O b5 13. g4 g5 14. h4 gxf4 15. g5 Ne5 16. Qg2 Nfg4 17.
Be2 Nxf2 18. Qxf2 hxg5 19. hxg5 Rxh1 20. Rxh1 Bxg5 21. Rh8+ Kd7 22. Ndxb5 axb5 23. Bxb5+ Ke7 24. Qg2 f6 25. Qh3 Qc5 26. Re8+ Kf7 27. Qh7# 1-0